 Dungeon Crawl Stone Soup version 0.20.0-15-g7f486f2 (webtiles) character file.

128 anfisbena the Digger (level 5, -1/28 HPs)
             Began as a Gargoyle Earth Elementalist on June 11, 2017.
             Killed from afar by Robin (7 damage)
             ... with a wand of flame (?/48)
             ... on level 2 of the Dungeon.
             The game lasted 00:03:32 (2799 turns).

anfisbena the Digger (Gargoyle Earth Elementalist)  Turns: 2799, Time: 00:03:33

Health: -1/28      AC:  6    Str: 12    XL:     5   Next: 11%
Magic:  1/8        EV: 12    Int: 16    God:
Gold:   112        SH:  0    Dex: 10    Spells: 7/8 levels left

rFire    . . .     SeeInvis .   h - +0 short sword
rCold    . . .     Gourm    .   (no shield)
rNeg     + . .     Faith    .   c - +0 robe
rPois    ∞         Spirit   .   (no helmet)
rElec    +         Reflect  .   (no cloak)
rCorr    .         Harm     .   (no gloves)
MR       .....                  (no boots)
Stlth    ++........             (no amulet)
Regen    0.1/turn               (no ring)
MPRegen  0.2/turn               (no ring)

@: no status effects
A: negative energy resistance 1, electricity resistance, unbreathing,
petrification resistance, rot immunity, AC +4
a: no special abilities


You were on level 2 of the Dungeon.
You were not hungry.

You visited 1 branch of the dungeon, and saw 2 of its levels.

You collected 112 gold pieces.

Inventory:

Hand Weapons
 h - a +0 short sword (weapon)
Missiles
 b - 52 stones (quivered)
Armour
 c - a +0 robe (worn)
 m - a +0 pair of gloves
Jewellery
 o - an uncursed ring of flight {unknown}
Scrolls
 a - a scroll of enchant armour {unknown}
 f - a scroll of teleportation {unknown}
 g - 2 scrolls of remove curse {unknown}
 i - a scroll of identify {unknown}
 j - a scroll of blinking {unknown}
Potions
 n - 2 potions of mutation {unknown}
 p - 2 potions of resistance {unknown}
Books
 e - a book of Geomancy

   Spells                             Type                      Level
   a - Sandblast                      Earth                        1
   b - Passwall                       Transmutation/Earth          2
   c - Stone Arrow                    Conjuration/Earth            3
   d - Petrify                        Transmutation/Earth          4
   e - Lee's Rapid Deconstruction     Earth                        5
Comestibles
 d - a bread ration
 k - a meat ration


   Skills:
 - Level 1.5 Dodging
 - Level 2.1 Stealth
 - Level 2.0 Spellcasting
   Level 0.7 Transmutations
 + Level 6.8 Earth Magic


You had 7 spell levels left.
You knew the following spells:

 Your Spells              Type           Power        Failure   Level  Hunger
a - Sandblast             Erth           ###...       1%          1    #......


Dungeon Overview and Level Annotations

Branches:
Dungeon (2/15)

Altars:

Annotations:
D:2 Robin


Innate Abilities, Weirdness & Mutations

You are resistant to torment.
Your stone body is resilient. (AC +4)
You are immune to poison.
You resist negative energy. (rN+)
You are resistant to electric shocks. (rElec)
You can survive without breathing.
You are immune to petrification.
You are immune to rotting.


Message History

The blast of sand hits the hobgoblin.
You kill the hobgoblin!
b - 53 stones You see here a goblin corpse.
The hobgoblin closely misses you.
Casting: Sandblast
Confirm with . or Enter, or press ? or * to list all spells.
Aiming: Sandblast
Press: ? - help, Shift-Dir - straight line, f - hobgoblin
Aim: a hobgoblin, wielding a club (unusually strong)
The blast of sand hits the hobgoblin.
You kill the hobgoblin!
b - 52 stones Robin zaps a wand.
The puff of flame hits you!
* * * LOW HITPOINT WARNING * * *
It is a wand of flame (?/48).
There is an open door here.
There is an open door here.
Robin zaps a wand.
The puff of flame hits you!
You die...

......)..#######
#....#.###... .#.#.###.#
#.#..#.##.... # #.#
#.#..#.#..#.. ##'##
#.#..#....... ##...##
#....#####... ##.....##
#####.### ##.. ##(......##
##.#.....# ##.
#.......g.####....#.#.######.
+.........'.@................
#.........###.....#.#.##.###.
##.......## #.......#.##.# #.
##....[## #...#.#.#.##.# #.
##...## ##.##.....##.# #.
##'## #.####.####.# #.
#.########.# #.# #.# #.
#..........# #.# #.###.
#.#.#.###### #.# #.....


You could see Robin.

Vanquished Creatures
  Terence (D:2)
  An adder (D:2)
  5 oozes
  2 worms (D:2)
  4 leopard geckos
  2 giant cockroaches
  10 hobgoblins
  3 jackals
  9 bats
  A frilled lizard (D:2)
  15 goblins
  2 kobolds
  6 rats
61 creatures vanquished.

Notes
Turn   | Place    | Note
-------+----------+-------------------------------------------
     0 | D:1      | anfisbena the Gargoyle Earth Elementalist began the quest for the Orb.
     0 | D:1      | Reached XP level 1. HP: 10/10 MP: 3/3
   247 | D:1      | Reached skill level 4 in Earth Magic
   370 | D:1      | Reached XP level 2. HP: 13/15 MP: 5/5
   883 | D:1      | Reached skill level 5 in Earth Magic
   883 | D:1      | Reached XP level 3. HP: 19/19 MP: 6/6
  1882 | D:2      | Noticed Terence
  1896 | D:2      | Killed Terence
  1896 | D:2      | Reached skill level 6 in Earth Magic
  1896 | D:2      | Reached XP level 4. HP: 15/24 MP: 0/7
  2754 | D:2      | Noticed Robin
  2760 | D:2      | Reached XP level 5. HP: 27/28 MP: 6/8
  2799 | D:2      | Killed from afar by Robin

Skill      XL: |  1  2  3 |
---------------+----------+-----
Earth Magic    | 4 5 6 |  6.8
Dodging        | |  1.5
Stealth        | |  2.1
Spellcasting   | |  2.0
Transmutations | |  0.7

Action                   |  1- 3 |  4- 6 || total
-------------------------+-------+-------++-------
Melee: Unarmed           |    28 |       ||    28
       Club              |    18 |       ||    18
       Short sword       |   101 |    61 ||   162
 Cast: Sandblast         |    18 |    25 ||    43
 Stab: Sleeping          |     8 |       ||     8
  Eat: Chunk             |     3 |     4 ||     7
Armor: Robe              |    63 |    35 ||    98
Dodge: Dodged            |   126 |    59 ||   185
